[Event "XIII Mediterranean Championship 2023"]
[Site "Castell-Platja d Aro"]
[Date "2023.11.05"]
[Round "3.30"]
[White "Hernando Rodrigo, Inmaculada"]
[Black "Hernando Rodrigo, Lourdes"]
[Result "1/2-1/2"]
[ECO "D05"]
[WhiteElo "1734"]
[BlackElo "1625"]
[Annotator "NA"]
[PlyCount "54"]
[EventDate "2023.10.26"]
[EventType "swiss"]
[EventCountry "ESP"]
[SourceTitle "playchess.com"]
[Source "ChessBase"]
[SourceQuality "1"]
[TimeControl "5400+30"]

1. d4 d5 2. Nf3 Nf6 3. e3 e6 4. Bd3 Bd6 5. O-O c5 6. c3 O-O 7. Nbd2 Nbd7 8. Re1 cxd4 9. exd4 Re8 10. Nf1 Qc7 11. Bg5 h6 12. Bxf6 Nxf6 13. h3 Bd7 14. Ne5 Bc6 15. Nxc6 Qxc6 16. Qe2 a6 17. Rad1 Qc7 18. Bb1 e5 19. dxe5 Bxe5 20. Qd3 Bd6 21. Rxe8+ Rxe8 22. Ng3 Bxg3 23. Qxg3 Qxg3 24. fxg3 Ne4 25. Bxe4 dxe4 26. Kf2 Re7 27. Ke3 f5 1/2-1/2

[Event "XIII Mediterranean Championship 2023"]
[Site "Castell-Platja d Aro"]
[Date "2023.11.05"]
[Round "3.31"]
[White "Delbos, Jean-Louis"]
[Black "Lunin Bohomolets, Iliia"]
[Result "0-1"]
[ECO "B21"]
[WhiteElo "1573"]
[BlackElo "1850"]
[Annotator "NA"]
[PlyCount "58"]
[EventDate "2023.10.26"]
[EventType "swiss"]
[EventCountry "ESP"]
[SourceTitle "playchess.com"]
[Source "ChessBase"]
[SourceQuality "1"]
[TimeControl "5400+30"]

1. e4 c5 2. d4 cxd4 3. c3 d5 4. Qa4+ Bd7 5. Qxd4 dxe4 6. Qxe4 Bc6 7. Qc2 Nf6 8. Bf4 Nbd7 9. Nd2 e5 10. Bg5 Bc5 11. Ne2 Bxf2+ 12. Kxf2 Ng4+ 13. Kg1 Qxg5 14. Qd3 Nc5 15. h4 Qf6 16. Qg3 h5 17. b4 O-O-O 18. bxc5 Rxd2 19. Qe1 Rhd8 20. Rh3 g6 21. Nd4 exd4 22. Qxd2 dxc3 23. Qxc3 Qf2+ 24. Kh1 Rd2 25. Rg3 Rc2 26. Qd3 Rd2 27. Qc3 Be4 28. c6 bxc6 29. Rb1 Bxb1 0-1

[Event "XIII Mediterranean Championship 2023"]
[Site "Castell-Platja d Aro"]
[Date "2023.11.05"]
[Round "3.32"]
[White "Leon Escoda, Manel"]
[Black "Burset Camps, Guillem"]
[Result "1-0"]
[ECO "B51"]
[WhiteElo "1682"]
[BlackElo "1408"]
[Annotator "NA"]
[PlyCount "47"]
[EventDate "2023.10.26"]
[EventType "swiss"]
[EventCountry "ESP"]
[SourceTitle "playchess.com"]
[Source "ChessBase"]
[SourceQuality "1"]
[TimeControl "5400+30"]

1. e4 c5 2. Nf3 Nc6 3. Bb5 a6 4. Bxc6 bxc6 5. O-O d6 6. c3 e5 7. d4 cxd4 8. cxd4 Qc7 9. h3 Nf6 10. Nc3 Be7 11. Be3 O-O 12. Rc1 h6 13. Qc2 Nh7 14. dxe5 dxe5 15. Nd5 Qb7 16. Nxe7+ Qxe7 17. Bc5 Qe6 18. Bxf8 Kxf8 19. Qc5+ Qe7 20. Nxe5 Qxc5 21. Rxc5 Nf6 22. Rd1 Nxe4 23. Rd8+ Ke7 24. Nxc6+ 1-0

[Event "XIII Mediterranean Championship 2023"]
[Site "Castell-Platja d Aro"]
[Date "2023.11.06"]
[Round "4.1"]
[White "Eugene, Floryan"]
[Black "Garriga Cazorla, Pere"]
[Result "1/2-1/2"]
[ECO "B92"]
[WhiteElo "2426"]
[BlackElo "2459"]
[Annotator "RC"]
[PlyCount "119"]
[EventDate "2023.10.26"]
[EventType "swiss"]
[EventCountry "ESP"]
[SourceTitle "playchess.com"]
[Source "ChessBase"]
[SourceQuality "1"]
[TimeControl "5400+30"]

1. e4 c5 2. Nf3 d6 3. d4 cxd4 4. Nxd4 Nf6 5. Nc3 a6 6. Be2 e5 7. Nb3 Be7 8. Be3 Be6 9. Nd5 Nxd5 10. exd5 Bf5 11. O-O O-O 12. Qd2 Nd7 13. a4 Qc7 14. Rfc1 a5 15. Bb5 b6 16. Qe2 Bg6 17. Qc4 Nc5 18. Re1 Rac8 19. Bc6 Bf5 20. Ra3 Bd7 21. Nxc5 dxc5 22. Bxd7 Qxd7 23. Rb3 Rb8 24. f4 Bd6 25. fxe5 Bxe5 26. Bxc5 Qc7 27. Rxe5 Qxe5 28. Bxf8 Rxf8 29. Rf3 h6 30. b3 Rd8 31. d6 Rxd6 32. Qxf7+ Kh7 33. Qf5+ Qxf5 34. Rxf5 Rd1+ 35. Rf1 Rd2 36. c4 Kg6 37. Rf3 h5 38. h4 Rd4 39. Rg3+ Kh6 40. Rg5 Rxh4 41. Rb5 Rd4 42. Rxb6+ Kg5 43. c5 Rd2 44. c6 Rc2 45. Rb5+ Kg4 46. Rxa5 Rxc6 47. Kh2 g5 48. Rb5 h4 49. Rb4+ Kf5 50. Rc4 Rd6 51. Rc5+ Kf4 52. Rc3 g4 53. g3+ hxg3+ 54. Rxg3 Rh6+ 55. Kg2 Rc6 56. Rd3 Rc2+ 57. Kg1 Ke4 58. Rg3 Kf4 59. Rd3 Ke4 60. Rg3 1/2-1/2

[Event "XIII Mediterranean Championship 2023"]
[Site "Castell-Platja d Aro"]
[Date "2023.11.06"]
[Round "4.3"]
[White "Garcia Ramos, Daniel"]
[Black "Alsina Leal, Daniel"]
[Result "1-0"]
[ECO "B90"]
[WhiteElo "2455"]
[BlackElo "2531"]
[Annotator "RC"]
[PlyCount "109"]
[EventDate "2023.10.26"]
[EventType "swiss"]
[EventCountry "ESP"]
[SourceTitle "playchess.com"]
[Source "ChessBase"]
[SourceQuality "1"]
[TimeControl "5400+30"]

1. e4 c5 2. Nf3 d6 3. d4 cxd4 4. Nxd4 Nf6 5. Nc3 a6 6. f3 e5 7. Nb3 Be6 8. Be3 h5 9. Qd2 Nbd7 10. O-O-O Rc8 11. Kb1 Be7 12. Bg5 b5 13. a3 O-O 14. h4 Nb6 15. Na5 Na4 16. Nxa4 bxa4 17. Bxa6 Rc7 18. Bxf6 Bxf6 19. Qb4 Qa8 20. Bb5 d5 21. exd5 Bxd5 22. Qd6 Qxa5 23. Rxd5 Qa7 24. Qb4 Rb8 25. Rhd1 Rcb7 26. Rd7 Rxd7 27. Rxd7 Qg1+ 28. Ka2 Qxg2 29. Qc4 Qxf3 30. Qxf7+ Kh7 31. Rd3 Qg4 32. Bd7 Qg6 33. Qxg6+ Kxg6 34. Bxa4 e4 35. Rg3+ Kf5 36. b4 Kf4 37. Rh3 e3 38. Bc6 Rc8 39. b5 Bd4 40. Rf3+ Kg4 41. Rf1 Kg3 42. Rf3+ Kg4 43. Rf1 Kg3 44. Rf3+ Kh2 45. Rf4 Bb6 46. Rf7 Kg3 47. Rxg7+ Kxh4 48. Kb3 Rd8 49. Bf3 Rf8 50. Be2 Rf2 51. Bd3 Rd2 52. Rg6 Bd8 53. Re6 Bg5 54. b6 Rf2 55. a4 1-0

[Event "XIII Mediterranean Championship 2023"]
[Site "Castell-Platja d Aro"]
[Date "2023.11.06"]
[Round "4.4"]
[White "Iermito, Sebastian"]
[Black "Ayats Llobera, Gerard"]
[Result "1-0"]
[ECO "A15"]
[WhiteElo "2521"]
[BlackElo "2442"]
[Annotator "RC"]
[PlyCount "95"]
[EventDate "2023.10.26"]
[EventType "swiss"]
[EventCountry "ESP"]
[SourceTitle "playchess.com"]
[Source "ChessBase"]
[SourceQuality "1"]
[TimeControl "5400+30"]

1. Nf3 Nf6 2. c4 g6 3. b3 Bg7 4. Bb2 O-O 5. g3 d6 6. Bg2 e5 7. d3 Re8 8. O-O Nc6 9. Nc3 h6 10. h3 Nd4 11. Nd2 c6 12. e3 Nf5 13. Nde4 Be6 14. b4 a6 15. a4 Qd7 16. Kh2 Qc7 17. Rc1 Qd7 18. a5 Qe7 19. Na4 Rad8 20. Re1 Qc7 21. Qd2 Qb8 22. Nxf6+ Bxf6 23. e4 Bg5 24. f4 exf4 25. Qc3 fxg3+ 26. Kh1 f6 27. exf5 Bxf5 28. Rcd1 h5 29. d4 h4 30. d5 cxd5 31. Bxd5+ Kg7 32. Bg2 Rxe1+ 33. Rxe1 Re8 34. Nb6 Re5 35. Nd5 Qc8 36. Ne7 Rxe1+ 37. Qxe1 Qxc4 38. Bd5 Qc2 39. Nxf5+ Qxf5 40. Bg2 Kh6 41. Bd4 Qc2 42. Bg1 f5 43. Qe8 Bf6 44. Qf8+ Bg7 45. Qxd6 Qc1 46. Qc5 Qd1 47. Qe3+ Kh7 48. Qg5 1-0

[Event "XIII Mediterranean Championship 2023"]
[Site "Castell-Platja d Aro"]
[Date "2023.11.06"]
[Round "4.5"]
[White "Gines Esteo, Pedro Antonio"]
[Black "Narciso Dublan, Marc"]
[Result "1/2-1/2"]
[ECO "E71"]
[WhiteElo "2490"]
[BlackElo "2401"]
[Annotator "RC"]
[PlyCount "96"]
[EventDate "2023.10.26"]
[EventType "swiss"]
[EventCountry "ESP"]
[SourceTitle "playchess.com"]
[Source "ChessBase"]
[SourceQuality "1"]
[TimeControl "5400+30"]

1. c4 Nf6 2. Nc3 g6 3. e4 d6 4. d4 Bg7 5. h3 O-O 6. Be3 e5 7. d5 Na6 8. g4 Nc5 9. f3 a5 10. Qd2 c6 11. Nge2 cxd5 12. cxd5 Bd7 13. Nc1 a4 14. Nd3 Qa5 15. Nxc5 dxc5 16. Nd1 Ne8 17. Qxa5 Rxa5 18. Rc1 b6 19. Rc2 Nd6 20. Rg2 Rc8 21. h4 h6 22. h5 g5 23. Rc2 Bf8 24. Rhh2 f6 25. Rc1 Nb7 26. Rhc2 b5 27. Bd2 Raa8 28. b3 axb3 29. axb3 Ra3 30. Rb1 Rca8 31. Bc1 Ra1 32. Rxa1 Rxa1 33. Bb2 Ra8 34. Rc1 Be7 35. Kd2 Bd8 36. Kc2 Bb6 37. Ra1 Rxa1 38. Bxa1 Kf7 39. Bc3 Ke7 40. Be1 Kd8 41. Bf2 Kc7 42. Nb2 Nd6 43. Be2 Be8 44. Bg1 Bd7 45. Bf2 Be8 46. Bg1 Bd7 47. Bf1 Be8 48. Bf2 Bd7 1/2-1/2

[Event "XIII Mediterranean Championship 2023"]
[Site "Castell-Platja d Aro"]
[Date "2023.11.06"]
[Round "4.6"]
[White "Valle Luis, Leo"]
[Black "Alexakis, Dimitris"]
[Result "0-1"]
[ECO "B47"]
[WhiteElo "2216"]
[BlackElo "2458"]
[Annotator "RC"]
[PlyCount "78"]
[EventDate "2023.10.26"]
[EventType "swiss"]
[EventCountry "ESP"]
[SourceTitle "playchess.com"]
[Source "ChessBase"]
[SourceQuality "1"]
[TimeControl "5400+30"]

1. e4 c5 2. Nf3 e6 3. d4 cxd4 4. Nxd4 Nc6 5. Nc3 Qc7 6. g4 a6 7. Be3 h6 8. Qd2 Nf6 9. f3 Na5 10. O-O-O b5 11. Re1 Nc4 12. Bxc4 Qxc4 13. Kb1 d6 14. h4 Nd7 15. g5 Ne5 16. Qg2 h5 17. Nb3 a5 18. Rh3 Be7 19. f4 Ng4 20. Bg1 O-O 21. Rd3 Bb7 22. Rd4 Qc6 23. Qe2 b4 24. Nd5 exd5 25. exd5 Qa4 26. f5 Bd8 27. Rxg4 hxg4 28. g6 Qd7 29. Qxg4 fxg6 30. Nd4 Bxd5 31. Ne6 Rxf5 32. Nxg7 Rf1 33. Qd1 Rxe1 34. Qxe1 Qxg7 35. Qe8+ Kh7 36. h5 Bf6 37. Qe2 Bf7 38. b3 gxh5 39. Qe4+ Qg6 0-1

[Event "XIII Mediterranean Championship 2023"]
[Site "Castell-Platja d Aro"]
[Date "2023.11.06"]
[Round "4.7"]
[White "Gilevych, Artem"]
[Black "Domene Mulyukov, Alexander"]
[Result "1/2-1/2"]
[ECO "C10"]
[WhiteElo "2416"]
[BlackElo "2198"]
[Annotator "RC"]
[PlyCount "219"]
[EventDate "2023.10.26"]
[EventType "swiss"]
[EventCountry "ESP"]
[SourceTitle "playchess.com"]
[Source "ChessBase"]
[SourceQuality "1"]
[TimeControl "5400+30"]

1. e4 c5 2. Nf3 e6 3. c3 d5 4. exd5 Qxd5 5. d4 Nf6 6. Na3 Nc6 7. Be3 cxd4 8. Nb5 Qd8 9. Nbxd4 Nxd4 10. Bxd4 Be7 11. Bd3 O-O 12. Qc2 h6 13. Rd1 Nd5 14. O-O Qa5 15. b4 Qc7 16. Be5 Qb6 17. a3 Bf6 18. c4 Bxe5 19. Nxe5 Nf6 20. Rfe1 Qc7 21. c5 Nd7 22. Ng4 Qf4 23. Qe2 h5 24. Ne5 Nxe5 25. Qxe5 Qxe5 26. Rxe5 g6 27. Re2 Rd8 28. Red2 Kf8 29. f4 Ke7 30. Be4 Rxd2 31. Rxd2 Rb8 32. Kf2 Bd7 33. Ke3 Ba4 34. g3 b6 35. c6 Rc8 36. Rd7+ Kf6 37. Rxa7 Bxc6 38. Bd3 Bd5 39. Kd4 Rb8 40. a4 Rd8 41. Kc3 Rc8+ 42. Kd4 Rd8 43. Ke3 Rb8 44. Bb5 e5 45. Bd7 g5 46. fxg5+ Kxg5 47. h4+ Kf6 48. Ra6 Ke7 49. Bf5 Rb7 50. Bd3 Rb8 51. Be2 f5 52. Bxh5 Rc8 53. Rxb6 Rc3+ 54. Kf2 Rc2+ 55. Ke1 e4 56. Bg6 Be6 57. g4 fxg4 58. Bxe4 Ra2 59. h5 Bc4 60. Bc6 Re2+ 61. Kd1 Re6 62. a5 g3 63. Ba8 Be2+ 64. Ke1 Re5 65. Kd2 Bxh5 66. a6 Re2+ 67. Kc3 g2 68. Bxg2 Rxg2 69. b5 Bf3 70. Rb8 Ra2 71. Kd4 Kd6 72. Rb6+ Kd7 73. Rf6 Be2 74. Kc5 Rb2 75. Rf7+ Ke6 76. Rb7 Rc2+ 77. Kb6 Rb2 78. Kc5 Rc2+ 79. Kb6 Rb2 80. Kc7 Bxb5 81. Rb6+ Ke7 82. a7 Ra2 83. Kb8 Bc4 84. a8=Q Rxa8+ 85. Kxa8 Kd7 86. Rb4 Bd5+ 87. Kb8 Kc6 88. Rh4 Kd6 89. Ka7 Kc5 90. Rh6 Bc6 91. Ka6 Bb5+ 92. Ka5 Bc6 93. Rh5+ Bd5 94. Rg5 Kc4 95. Kb6 Bf3 96. Rf5 Bg2 97. Kc7 Be4 98. Re5 Kd4 99. Kd6 Bb7 100. Rb5 Ba6 101. Rb4+ Bc4 102. Ra4 Kc3 103. Kc5 Bg8 104. Ra3+ Kc2 105. Kb4 Bf7 106. Rg3 Kd2 107. Kc5 Ke2 108. Kd4 Kf2 109. Re3 Bd5 110. Re7 1/2-1/2

[Event "XIII Mediterranean Championship 2023"]
[Site "Castell-Platja d Aro"]
[Date "2023.11.06"]
[Round "4.8"]
[White "Guillo Longares, Cecilia"]
[Black "Lacasa Diaz, Jose Antonio"]
[Result "1/2-1/2"]
[ECO "D31"]
[WhiteElo "2065"]
[BlackElo "2353"]
[Annotator "RC"]
[PlyCount "47"]
[EventDate "2023.10.26"]
[EventType "swiss"]
[EventCountry "ESP"]
[SourceTitle "playchess.com"]
[Source "ChessBase"]
[SourceQuality "1"]
[TimeControl "5400+30"]

1. d4 d5 2. c4 e6 3. Nc3 a6 4. cxd5 exd5 5. Nf3 h6 6. Bf4 Nf6 7. h3 Bd6 8. Bxd6 Qxd6 9. e3 Bf5 10. Qb3 O-O 11. Ne5 Nbd7 12. Bd3 Bxd3 13. Nxd3 b6 14. Nf4 c6 15. O-O a5 16. Rac1 Rfc8 17. Rfd1 Rab8 18. Qc2 Nf8 19. Qf5 g6 20. Qd3 Kg7 21. Rc2 Ne6 22. Nce2 h5 23. Rdc1 Nxf4 24. Nxf4 1/2-1/2

[Event "XIII Mediterranean Championship 2023"]
[Site "Castell-Platja d Aro"]
[Date "2023.11.06"]
[Round "4.9"]
[White "Masague Artero, Guerau"]
[Black "Fortuny Profitos, Jordi"]
[Result "1-0"]
[ECO "E92"]
[WhiteElo "2305"]
[BlackElo "2135"]
[Annotator "RC"]
[PlyCount "73"]
[EventDate "2023.10.26"]
[EventType "swiss"]
[EventCountry "ESP"]
[SourceTitle "playchess.com"]
[Source "ChessBase"]
[SourceQuality "1"]
[TimeControl "5400+30"]

1. d4 Nf6 2. c4 g6 3. Nc3 Bg7 4. e4 d6 5. Nf3 O-O 6. Be2 e5 7. d5 a5 8. Bg5 Na6 9. Nd2 Qe8 10. g4 Kh8 11. h4 Ng8 12. h5 f6 13. Be3 g5 14. Nf1 h6 15. Ng3 Rf7 16. O-O Bf8 17. a3 Bd7 18. b3 b6 19. Qc2 Be7 20. Qb2 Nc5 21. b4 Nb7 22. Kg2 Rf8 23. Rfc1 Qf7 24. Nb5 Rfc8 25. f3 Qe8 26. Bd3 Kh7 27. Ne2 Bf8 28. Nec3 Be7 29. Qf2 Qf8 30. Na4 Bd8 31. c5 Bxb5 32. Bxb5 axb4 33. cxb6 bxa3 34. Bd7 Rxa4 35. Bxc8 Nc5 36. Rxc5 dxc5 37. b7 1-0

[Event "XIII Mediterranean Championship 2023"]
[Site "Castell-Platja d Aro"]
[Date "2023.11.06"]
[Round "4.10"]
[White "Rodriguez Redondo, Adhara"]
[Black "Lazaro Pujol, Abel"]
[Result "0-1"]
[ECO "C54"]
[WhiteElo "2117"]
[BlackElo "2289"]
[Annotator "RC"]
[PlyCount "136"]
[EventDate "2023.10.26"]
[EventType "swiss"]
[EventCountry "ESP"]
[SourceTitle "playchess.com"]
[Source "ChessBase"]
[SourceQuality "1"]
[TimeControl "5400+30"]

1. e4 e5 2. Nf3 Nc6 3. Bc4 Bc5 4. c3 Nf6 5. d3 d6 6. O-O a6 7. Bb3 Ba7 8. Nbd2 O-O 9. h3 h6 10. Re1 Re8 11. Nf1 Be6 12. Bc2 d5 13. exd5 Bxd5 14. Ng3 Qd6 15. Nh4 Ne7 16. Be3 Bxe3 17. Rxe3 Ng6 18. Nxg6 fxg6 19. Qe2 Qc6 20. f3 Qb6 21. Ba4 Bc6 22. Bb3+ Kh7 23. Kh2 a5 24. Re1 Rad8 25. Qc2 Qc5 26. Bf7 Qd6 27. Bxe8 Rxe8 28. Ne4 Bxe4 29. dxe4 Rd8 30. Rf1 Nh5 31. g3 Qd2+ 32. Re2 Qg5 33. Rg1 Rd6 34. Rgg2 Qf6 35. Ref2 b6 36. Qe2 Qf7 37. b3 Qd7 38. Qc2 Qf7 39. a4 c5 40. Rf1 Qd7 41. c4 Rd4 42. Rff2 Qf7 43. Qc3 Nf6 44. Rd2 Nd7 45. Rgf2 g5 46. Qc2 Kh8 47. Qd1 Kh7 48. Qf1 Qe6 49. Kg2 Qd6 50. Qe2 Qf6 51. Qd1 Qd6 52. Qc2 Kh8 53. Qc1 Kh7 54. Qe1 Qf6 55. Rxd4 cxd4 56. b4 Qc6 57. bxa5 Qxa4 58. axb6 Nxb6 59. c5 Nc4 60. Qe2 Ne3+ 61. Kh2 Qc6 62. Qd3 Qxc5 63. f4 gxf4 64. gxf4 Qe7 65. Rf3 Qf7 66. f5 Qa2+ 67. Kg3 Qg2+ 68. Kh4 Qg5# 0-1

[Event "XIII Mediterranean Championship 2023"]
[Site "Castell-Platja d Aro"]
[Date "2023.11.06"]
[Round "4.11"]
[White "Galvan Cipriani, Viviana"]
[Black "Garcia Jimenez, Francisco Javier"]
[Result "0-1"]
[ECO "D45"]
[WhiteElo "2077"]
[BlackElo "2249"]
[Annotator "RC"]
[PlyCount "60"]
[EventDate "2023.10.26"]
[EventType "swiss"]
[EventCountry "ESP"]
[SourceTitle "playchess.com"]
[Source "ChessBase"]
[SourceQuality "1"]
[TimeControl "5400+30"]

1. Nf3 d5 2. d4 Nf6 3. c4 c6 4. Nc3 e6 5. e3 Nbd7 6. Qc2 a6 7. Bd3 dxc4 8. Bxc4 b5 9. Bd3 c5 10. b3 Bb7 11. O-O Rc8 12. Qb2 cxd4 13. exd4 Nb6 14. Be3 Bd6 15. Ne2 O-O 16. Rfd1 Bxf3 17. gxf3 Nfd5 18. Ng3 Qh4 19. Kg2 f5 20. Bd2 Bf4 21. Rac1 Rxc1 22. Qxc1 Rc8 23. Qb2 Bxd2 24. Rxd2 Qg5 25. Kf1 Nf4 26. Ke1 Rc1+ 27. Qxc1 Nxd3+ 28. Kd1 Nxc1 29. Kxc1 Nd5 30. Kc2 Qf4 0-1

[Event "XIII Mediterranean Championship 2023"]
[Site "Castell-Platja d Aro"]
[Date "2023.11.06"]
[Round "4.12"]
[White "Hernando Rodrigo, Julio Antonio"]
[Black "Menac Comas, Joan Ramon"]
[Result "1/2-1/2"]
[ECO "B27"]
[WhiteElo "2202"]
[BlackElo "2044"]
[Annotator "RC"]
[PlyCount "106"]
[EventDate "2023.10.26"]
[EventType "swiss"]
[EventCountry "ESP"]
[SourceTitle "playchess.com"]
[Source "ChessBase"]
[SourceQuality "1"]
[TimeControl "5400+30"]

1. e4 c5 2. Nf3 g6 3. d4 cxd4 4. Qxd4 Nf6 5. Nc3 Nc6 6. Qa4 d6 7. e5 dxe5 8. Nxe5 Bg7 9. Bb5 O-O 10. Nxc6 bxc6 11. Bxc6 Rb8 12. O-O Qc7 13. Bf3 Rb6 14. Qh4 Bb7 15. Bxb7 Qxb7 16. a4 Rb4 17. Qh3 Rc8 18. Rd1 h5 19. Qf3 Qb8 20. h3 Rc5 21. Ra3 Rf5 22. Qe2 Re5 23. Qf1 g5 24. Na2 Rxb2 25. Rad3 Qb6 26. Rd8+ Bf8 27. Bxb2 Qxb2 28. Qc4 Re4 29. Qc8 Nh7 30. Nc3 Re5 31. Nd5 e6 32. Nf6+ Nxf6 33. Rxf8+ Kg7 34. Rh8 Qb4 35. Qb8 Re1+ 36. Rxe1 Qxe1+ 37. Kh2 Qxf2 38. Qf8+ Kg6 39. Rh6+ Kf5 40. Qa3 g4 41. Qd3+ Kg5 42. Rh8 h4 43. hxg4 Nxg4+ 44. Kh3 Qf4 45. Rg8+ Kh5 46. Qh7+ Nh6 47. a5 Qe3+ 48. Kh2 Qe5+ 49. Kh3 Qe3+ 50. g3 Qf3 51. Kh2 Qf2+ 52. Kh3 Qf1+ 53. Kh2 Qf2+ 1/2-1/2

[Event "XIII Mediterranean Championship 2023"]
[Site "Castell-Platja d Aro"]
[Date "2023.11.06"]
[Round "4.13"]
[White "Makka, Ioulia"]
[Black "Martinez Pla, Xavier"]
[Result "1/2-1/2"]
[ECO "B48"]
[WhiteElo "1900"]
[BlackElo "2263"]
[Annotator "RC"]
[PlyCount "97"]
[EventDate "2023.10.26"]
[EventType "swiss"]
[EventCountry "ESP"]
[SourceTitle "playchess.com"]
[Source "ChessBase"]
[SourceQuality "1"]
[TimeControl "5400+30"]

1. e4 c5 2. Nf3 e6 3. d4 cxd4 4. Nxd4 Nc6 5. Nc3 Qc7 6. Be3 a6 7. f4 b5 8. Nb3 Bb7 9. Bd3 d6 10. O-O Nf6 11. Qe1 Be7 12. Qg3 h5 13. h3 h4 14. Qf2 Nb4 15. Bb6 Qd7 16. Na5 O-O 17. Nxb7 Qxb7 18. a4 Nxd3 19. cxd3 b4 20. Ne2 Rac8 21. Rfc1 Nd7 22. Be3 Nc5 23. Bxc5 dxc5 24. Rc4 Rfd8 25. Rd1 Rc7 26. b3 Rcd7 27. Qe3 Qb6 28. Kh1 Kh7 29. Ng1 Rd4 30. Rxd4 cxd4 31. Qc1 Qb8 32. Ne2 e5 33. fxe5 Qxe5 34. Ng1 Qe6 35. Qb2 Rc8 36. Nf3 Rc3 37. Nxd4 Qf6 38. Nf5 Rxd3 39. Qb1 Rxd1+ 40. Qxd1 Bf8 41. Qh5+ Kg8 42. Qxh4 Qa1+ 43. Kh2 g6 44. Ne7+ Kg7 45. Qg5 Bxe7 46. Qxe7 Qc3 47. e5 Qxb3 48. Qf6+ Kh7 49. Qh4+ 1/2-1/2

[Event "XIII Mediterranean Championship 2023"]
[Site "Castell-Platja d Aro"]
[Date "2023.11.06"]
[Round "4.14"]
[White "Jimenez Ruano, Adrian"]
[Black "Pla Almenar, Nel"]
[Result "1-0"]
[ECO "A84"]
[WhiteElo "2281"]
[BlackElo "2070"]
[Annotator "RC"]
[PlyCount "55"]
[EventDate "2023.10.26"]
[EventType "swiss"]
[EventCountry "ESP"]
[SourceTitle "playchess.com"]
[Source "ChessBase"]
[SourceQuality "1"]
[TimeControl "5400+30"]

1. d4 e6 2. c4 f5 3. Nf3 Nf6 4. Qc2 b6 5. g3 Be7 6. Bg2 d5 7. O-O Ne4 8. Nc3 Bb7 9. Bf4 c6 10. Nd2 Nd7 11. Ndxe4 fxe4 12. Bh3 g5 13. Be3 Nf8 14. cxd5 exd5 15. f3 exf3 16. Rxf3 Qd6 17. Qf5 Qg6 18. Qe5 g4 19. Bxg4 Qxg4 20. Qxh8 O-O-O 21. Qe5 Ne6 22. Rc1 Bd6 23. Qf5 Qg8 24. Nxd5 Rf8 25. Nf6 Qf7 26. d5 c5 27. dxe6 Qe7 28. Nd5 1-0

[Event "XIII Mediterranean Championship 2023"]
[Site "Castell-Platja d Aro"]
[Date "2023.11.06"]
[Round "4.15"]
[White "Ventura Bolet, Alexandre"]
[Black "Makka, Evanthia"]
[Result "1/2-1/2"]
[ECO "A13"]
[WhiteElo "2238"]
[BlackElo "2004"]
[Annotator "RC"]
[PlyCount "73"]
[EventDate "2023.10.26"]
[EventType "swiss"]
[EventCountry "ESP"]
[SourceTitle "playchess.com"]
[Source "ChessBase"]
[SourceQuality "1"]
[TimeControl "5400+30"]

1. Nf3 d5 2. e3 Nf6 3. c4 e6 4. b3 b6 5. Bb2 Bb7 6. Nc3 Bd6 7. cxd5 exd5 8. Nb5 Be7 9. Be5 Na6 10. Be2 O-O 11. O-O Ne8 12. d4 Nb4 13. a3 Nc6 14. Qc2 a6 15. Nc3 Nxe5 16. Nxe5 Bd6 17. f4 Qe7 18. Rf3 Nf6 19. Bd3 c5 20. g4 c4 21. Bf5 g6 22. g5 Bxe5 23. dxe5 Nh5 24. Rh3 Ng7 25. Bg4 Qc7 26. Ne2 Bc8 27. Bxc8 Qxc8 28. Kg2 Qg4+ 29. Rg3 Qf5 30. e4 dxe4 31. bxc4 Nh5 32. Rf1 Nxg3 33. Nxg3 Qg4 34. h3 Qe6 35. Nxe4 Rac8 36. Nd6 Rc6 37. Rd1 1/2-1/2

[Event "XIII Mediterranean Championship 2023"]
[Site "Castell-Platja d Aro"]
[Date "2023.11.06"]
[Round "4.16"]
[White "Vehi Bach, Victor Manuel"]
[Black "Jimenez Fernandez, Rebeca"]
[Result "1/2-1/2"]
[ECO "B12"]
[WhiteElo "2216"]
[BlackElo "2053"]
[Annotator "RC"]
[PlyCount "132"]
[EventDate "2023.10.26"]
[EventType "swiss"]
[EventCountry "ESP"]
[SourceTitle "playchess.com"]
[Source "ChessBase"]
[SourceQuality "1"]
[TimeControl "5400+30"]

1. e4 c6 2. d4 d5 3. e5 c5 4. dxc5 e6 5. a3 Bxc5 6. b4 Be7 7. Nf3 f6 8. Bd3 a5 9. b5 Nd7 10. Bb2 Nh6 11. Qe2 Nf7 12. exf6 gxf6 13. c4 Nc5 14. cxd5 Nxd3+ 15. Qxd3 e5 16. Nbd2 b6 17. Nc4 Bd7 18. a4 Bb4+ 19. Bc3 Bf5 20. Qe3 Rc8 21. Nfd2 Bxc3 22. Qxc3 Qxd5 23. O-O Rg8 24. f3 Qc5+ 25. Qe3 Qxe3+ 26. Nxe3 Be6 27. Rac1 Ke7 28. Ndc4 Rb8 29. Rfd1 Rgc8 30. Nb2 Bb3 31. Rxc8 Rxc8 32. Rd3 Rc1+ 33. Kf2 Be6 34. Ke2 Nd6 35. Nd5+ Bxd5 36. Rxd5 Nf5 37. Rd2 Nd4+ 38. Kd3 Kd6 39. Rd1 Rxd1+ 40. Nxd1 Kc5 41. Ne3 Kb4 42. Nd5+ Kxa4 43. Kc4 Ka3 44. Nxb6 f5 45. Nd5 a4 46. b6 Nc6 47. Kb5 Nd4+ 48. Kc5 Nb3+ 49. Kb5 Nd4+ 50. Ka6 Kb3 51. Ne7 Ne6 52. Kb5 Nd8 53. Nc6 Nb7 54. Na5+ Kc3 55. Kxa4 Nd6 56. Nb3 e4 57. fxe4 fxe4 58. Nc1 e3 59. Ne2+ Kd2 60. Nf4 e2 61. Nxe2 Kxe2 62. Kb4 Kf2 63. Kc5 Nb7+ 64. Kc6 Na5+ 65. Kb5 Nb7 66. Kc6 Na5+ 1/2-1/2

[Event "XIII Mediterranean Championship 2023"]
[Site "Castell-Platja d Aro"]
[Date "2023.11.06"]
[Round "4.17"]
[White "Clot Chico, Arnau"]
[Black "Rojano Alfonso, Carlos"]
[Result "0-1"]
[ECO "A98"]
[WhiteElo "2008"]
[BlackElo "2207"]
[Annotator "RC"]
[PlyCount "42"]
[EventDate "2023.10.26"]
[EventType "swiss"]
[EventCountry "ESP"]
[SourceTitle "playchess.com"]
[Source "ChessBase"]
[SourceQuality "1"]
[TimeControl "5400+30"]

1. c4 f5 2. g3 Nf6 3. Bg2 d6 4. d4 e6 5. Nc3 Be7 6. Nf3 O-O 7. O-O Qe8 8. Qc2 Qh5 9. e4 e5 10. dxe5 dxe5 11. Bg5 fxe4 12. Nxe4 Nc6 13. Nxf6+ Bxf6 14. Be3 Bf5 15. Qb3 e4 16. Nd2 Ne5 17. Nxe4 Bxe4 18. Bxe4 Ng4 19. h4 Bxh4 20. Kg2 Bg5 21. f4 Qh2+ 0-1

[Event "XIII Mediterranean Championship 2023"]
[Site "Castell-Platja d Aro"]
[Date "2023.11.06"]
[Round "4.18"]
[White "Vinolas Anglada, Laura"]
[Black "Banos, Oscar"]
[Result "0-1"]
[ECO "B33"]
[WhiteElo "1884"]
[BlackElo "2188"]
[Annotator "RC"]
[PlyCount "118"]
[EventDate "2023.10.26"]
[EventType "swiss"]
[EventCountry "ESP"]
[SourceTitle "playchess.com"]
[Source "ChessBase"]
[SourceQuality "1"]
[TimeControl "5400+30"]

1. e4 c5 2. Nf3 Nc6 3. d4 cxd4 4. Nxd4 Nf6 5. Nc3 e5 6. Ndb5 d6 7. Bg5 a6 8. Na3 b5 9. Nd5 Be7 10. Bxf6 Bxf6 11. c3 Ne7 12. Nxe7 Bxe7 13. Nc2 Bb7 14. Qg4 O-O 15. Ne3 g6 16. Rd1 b4 17. cxb4 h5 18. Qf3 d5 19. Nxd5 Bxd5 20. a3 Bxe4 21. Rxd8 Bxf3 22. Rxf8+ Kxf8 23. gxf3 Bg5 24. b3 Rc8 25. Bc4 Bc1 26. a4 Ba3 27. Kf1 Bxb4 28. Bxa6 Rc3 29. Bc4 Rxf3 30. Kg2 e4 31. Rd1 f5 32. Ra1 Ba5 33. Rb1 Rc3 34. Rd1 Rc2 35. Kf1 Ke7 36. Rd5 Bb6 37. Be2 Ke6 38. Rb5 Bc7 39. h3 f4 40. Bd1 Rc1 41. Ke1 f3 42. a5 e3 43. fxe3 f2+ 44. Kxf2 Rxd1 45. b4 Ra1 46. Rb7 Bd6 47. Rb6 g5 48. a6 g4 49. hxg4 hxg4 50. b5 g3+ 51. Kg2 Ra2+ 52. Kg1 Kd5 53. Rb7 Bc5 54. Rg7 Bxe3+ 55. Kf1 Bf4 56. a7 Ke4 57. Rg8 Rxa7 58. Rc8 Kf3 59. Rc3+ Be3 0-1